 Dungeon Sprint DCSS version 0.26-a0-771-g060e6a62af (webtiles) character file.

Game seed: 7791511887146869553

13400000 iamoutofideas the Conqueror (level 27, -172/273 HPs)
             Began as a Ghoul Chaos Knight on Nov 9, 2020.
             Was the Champion of Makhleb.
             Annihilated by a fleshlord
             ... wielding a +9 great mace
              (415 damage)
             ... in the Dungeon (Sprint VIII: "Arena of Blood").
             The game lasted 00:05:24 (134 turns).

iamoutofideas the Conqueror (Ghoul Chaos Knight)     Turns: 134, Time: 00:05:24

Health: -172/273   AC:  8    Str: 20    XL:     27
Magic:  51/53      EV: 32    Int:  7    God:    Makhleb [******]
Gold:   0          SH:  0    Dex: 17    Spells: 80/80 levels left

rFire    . . .     SeeInvis +   g - +∞ Axe of Woe
rCold    + . .     Faith    .   (shield currently unavailable)
rNeg     + + +     Spirit   .   a - +2 leather armour
rPois    ∞         Reflect  .   (no helmet)
rElec    .         Harm     .   (no cloak)
rCorr    .         Rampage  .   (no gloves)
MR       ++...     NoTele   +   (no boots)
Stlth    +++++++++.             (no amulet)
HPRegen  0.00/turn              h - ring of see invisible
MPRegen  0.33/turn              (no ring)

@: slowed, very slow
A: rotting body, claws 1, cold resistance 1, negative energy resistance 3,
inhibited regeneration, torment resistance, unbreathing
a: Minor Destruction, Lesser Servant of Makhleb, Major Destruction, Greater
Servant of Makhleb, Renounce Religion


You were in the Dungeon.
You worshipped Makhleb.
Makhleb was exalted by your worship.
You visited 1 branch

Inventory:

Hand Weapons
 g - the +∞ Axe of Woe (weapon)
   (You found it in the Dungeon)
Armour
 a - a +2 leather armour (worn)
Jewellery
 h - a ring of see invisible (left claw)
Scrolls
 f - a scroll of blinking
Potions
 b - a potion of curing
 c - a potion of heal wounds
 d - a potion of haste
 e - 2 potions of magic


   Skills:
 O Level 27 Fighting
 O Level 27 Axes
 O Level 27 Throwing
 O Level 27 Armour
 O Level 27 Dodging
 O Level 27 Stealth
 O Level 27 Unarmed Combat
 O Level 27 Spellcasting
 O Level 27 Invocations


You had 80 spell levels left.
You didn't know any spells.
Your spell library was empty.

Dungeon Overview and Level Annotations

Branches:
Dungeon (1/1)

Altars:
Makhleb

Annotations:
D The Captor


Innate Abilities, Weirdness & Mutations

Your body is rotting away.
You thrive by killing the living.
You are immune to poison.
You have sharp fingernails.
Your flesh is cold resistant. (rC+)
You are immune to negative energy. (rN+++)
You do not regenerate when monsters are visible.
You are immune to unholy pain and torment.
You can survive without breathing.


Message History

You hear a shout! x4
The scourge throws poison at you. The bolt of poison misses you.
The accursed points at you and mumbles some strange words.
Something smites you!
The bag of meat is engulfed in blazing flames.
You hear a shout!
The eight-headed meat hydra is engulfed in blazing flames.
The bag of meat is engulfed in blazing flames. x2
You hear a shout! x2
The bag of meat is engulfed in blazing flames.
The accursed points at you and mumbles some strange words.
Something smites you!
A fleshlord comes into view. It is wielding a +9 great mace.
You hear a shout!
The eight-headed meat hydra is engulfed in blazing flames.
The bag of meat is engulfed in blazing flames.
The fleshlord hits you with a +9 great mace!!!!!!
Ouch! That really hurt!
You die...

........))##.##)#####.
........))...))p)...Do.
...####))...##.##......
§.#....)....))S)...O...
...#........))#)#......
...#....)).o).).......#
#...#.))M..pp))........
.....#)LW§§))))........
...M.Go)So@)o))D.....o
....M.o☼oop)..........
#.....Do@#)).....#....
...#..§oo#)).....#.V.
#....Oo###)).....###.
......oO....###......
o...#.o..o..._.......
..#.o.....#.....#....
o.........#_.<._#....


You could see 3 accurseds, a tyrant, 2 eight-headed meat hydras, an observer
(fast, invisible), 2 scourges, 4 fleshlords, a large bag of meat (inner flame),
a wretched soul (invisible), The Captor (fast) and 14 bags of meat.

Vanquished Creatures
  4 hell knights (D)
  8 hell beasts (D)
  6 greater mummies (D)
  8 great orbs of eyes (D)
  5 wraiths (D)
  12 vampire knights (D)
  41 ogres (D)
  9 two-headed ogres (D)
  4 liches (D)
  5 hydras (D)
  85 orcs (D)
  A phantom (D)
  8 skeletal warriors (D)
  4 sea snakes (D)
  9 small abominations (D)
  8 large abominations (D)
  18 crawling corpses (D)
235 creatures vanquished.

Vanquished Creatures (others)
  5 crawling corpses (D)
5 creatures vanquished.

Grand Total: 240 creatures vanquished

Notes
Turn   | Place    | Note
-------+----------+-------------------------------------------
     0 | D        | Found the +∞ Axe of Woe
     0 | D        | iamoutofideas the Ghoul Chaos Knight began the quest for
                  | the Orb.
     0 | D        | Reached XP level 1. HP: 19/19 MP: 0/0
     4 | D        | Fell from the grace of Xom
     4 | D        | Became a worshipper of Makhleb the Destroyer
     5 | D        | Noticed a bag of meat
     6 | D        | Noticed a bag of meat
     6 | D        | Noticed a meat berserker
     7 | D        | Noticed a bag of meat
     7 | D        | Noticed a meat berserker
     8 | D        | Noticed a meat berserker
     8 | D        | Noticed a bag of meat
     9 | D        | Noticed a bag of meat
     9 | D        | Noticed a bag of meat
     9 | D        | Noticed a meat berserker
    10 | D        | Noticed a bag of meat
    10 | D        | Noticed a bag of meat
    10 | D        | Noticed a bag of meat
    10 | D        | Noticed a bag of meat
    11 | D        | Killed a meat berserker
    11 | D        | Reached skill level 5 in Axes
    11 | D        | Reached XP level 2. HP: 61/61 MP: 1/1
    11 | D        | Reached XP level 3. HP: 68/68 MP: 2/2
    11 | D        | Reached XP level 4. HP: 77/77 MP: 3/3
    11 | D        | Reached XP level 5. HP: 84/84 MP: 4/4
    11 | D        | Reached XP level 6. HP: 92/92 MP: 5/5
    11 | D        | Reached XP level 7. HP: 100/100 MP: 6/6
    11 | D        | Reached XP level 8. HP: 107/107 MP: 7/7
    11 | D        | Reached XP level 9. HP: 115/115 MP: 8/8
    11 | D        | Reached XP level 10. HP: 124/124 MP: 9/9
    11 | D        | Reached XP level 11. HP: 130/130 MP: 10/10
    11 | D        | Reached XP level 12. HP: 139/139 MP: 11/11
    11 | D        | Reached XP level 13. HP: 146/146 MP: 12/12
    11 | D        | Noticed a bag of meat
    11 | D        | Noticed a bag of meat
    12 | D        | Killed a meat berserker
    12 | D        | Reached * piety under Makhleb
    12 | D        | Reached XP level 14. HP: 163/163 MP: 13/13
    12 | D        | Killed a meat berserker
    12 | D        | Reached skill level 27 in Fighting
    12 | D        | Reached skill level 27 in Unarmed Combat
    12 | D        | Reached XP level 15. HP: 174/174 MP: 14/14
    13 | D        | Killed a meat berserker
    13 | D        | Reached XP level 16. HP: 167/183 MP: 15/15
    13 | D        | Reached ** piety under Makhleb
    13 | D        | Reached XP level 17. HP: 191/191 MP: 16/16
    13 | D        | Reached skill level 10 in Dodging
    13 | D        | Noticed a meat berserker
    13 | D        | Noticed a meat berserker
    13 | D        | Noticed a meat berserker
    15 | D        | Reached *** piety under Makhleb
    15 | D        | Reached XP level 18. HP: 200/200 MP: 17/17
    15 | D        | Reached **** piety under Makhleb
    15 | D        | Reached skill level 27 in Axes
    15 | D        | Reached skill level 27 in Armour
    15 | D        | Reached skill level 15 in Dodging
    15 | D        | Noticed a large bag of meat
    16 | D        | Noticed a meat berserker
    16 | D        | Noticed a meat berserker
    16 | D        | Noticed a meat berserker
    16 | D        | Noticed a meat berserker
    16 | D        | Noticed a meat berserker
    17 | D        | Reached XP level 19. HP: 207/207 MP: 18/18
    17 | D        | Reached ***** piety under Makhleb
    17 | D        | Noticed a destroyer
    18 | D        | Killed a meat berserker
    18 | D        | Reached skill level 27 in Dodging
    18 | D        | Reached XP level 20. HP: 216/216 MP: 18/31
    19 | D        | Reached skill level 10 in Spellcasting
    19 | D        | Killed a meat berserker
    19 | D        | Killed a meat berserker
    19 | D        | Reached skill level 15 in Spellcasting
    19 | D        | Reached XP level 21. HP: 224/224 MP: 18/39
    20 | D        | Reached ****** piety under Makhleb
    20 | D        | Killed a destroyer
    20 | D        | Reached XP level 22. HP: 233/233 MP: 18/45
    22 | D        | Reached skill level 27 in Stealth
    22 | D        | Reached skill level 27 in Invocations
    22 | D        | Reached XP level 23. HP: 240/240 MP: 18/50
    22 | D        | Reached skill level 27 in Throwing
    22 | D        | Reached skill level 27 in Spellcasting
    23 | D        | Reached XP level 24. HP: 249/249 MP: 19/53
    23 | D        | Noticed a destroyer
    23 | D        | Noticed a destroyer
    25 | D        | Reached XP level 25. HP: 257/257 MP: 19/53
    26 | D        | Killed a large bag of meat
    26 | D        | Killed a destroyer
    26 | D        | Noticed a large bag of meat
    28 | D        | Noticed a large bag of meat
    31 | D        | Reached XP level 26. HP: 255/266 MP: 21/53
    32 | D        | Reached XP level 27. HP: 273/273 MP: 21/53
    32 | D        | Noticed a large bag of meat
    32 | D        | Noticed a destroyer
    34 | D        | Killed a large bag of meat
    34 | D        | Killed a destroyer
    34 | D        | Noticed a destroyer
    38 | D        | Noticed a destroyer
    38 | D        | Killed a large bag of meat
    40 | D        | Noticed a destroyer
    43 | D        | Noticed a destroyer
    44 | D        | Killed a destroyer
    45 | D        | Noticed a large bag of meat
    46 | D        | Killed a destroyer
    46 | D        | Noticed an accursed
    48 | D        | Killed a destroyer
    48 | D        | Killed a destroyer
    49 | D        | Noticed a destroyer
    50 | D        | Killed a large bag of meat
    51 | D        | Killed a destroyer
    53 | D        | Killed a destroyer
    54 | D        | Killed a large bag of meat
    61 | D        | Killed an accursed
    68 | D        | Noticed a large bag of meat
    73 | D        | Noticed an accursed
    73 | D        | Noticed an accursed
    79 | D        | Noticed a meat beast
    82 | D        | Killed an accursed
    83 | D        | Noticed a tyrant
    83 | D        | Noticed a tyrant
    84 | D        | Killed a meat beast
    91 | D        | Noticed a tyrant
    91 | D        | Killed a tyrant
    92 | D        | Noticed a meat beast
    92 | D        | Noticed an accursed
    93 | D        | Killed a tyrant
    93 | D        | Noticed a dread
    96 | D        | Noticed an accursed
    96 | D        | Noticed a meat beast
    96 | D        | Noticed a dread
    97 | D        | Killed a meat beast
    97 | D        | Noticed an accursed
    98 | D        | Noticed a dread
    98 | D        | Killed a tyrant
    98 | D        | Noticed a dread
    99 | D        | Killed an accursed
    99 | D        | Noticed a meat beast
   101 | D        | Killed a meat beast
   102 | D        | Killed an accursed
   102 | D        | Noticed a large bag of meat
   103 | D        | Killed a dread
   104 | D        | Noticed a dread
   104 | D        | Killed a meat beast
   105 | D        | Killed a dread
   105 | D        | Noticed a meat beast
   107 | D        | Killed a dread
   108 | D        | Noticed a tyrant
   108 | D        | Noticed a meat beast
   110 | D        | Noticed an accursed
   111 | D        | Killed a dread
   111 | D        | Noticed a large bag of meat
   112 | D        | Noticed a destroyer
   112 | D        | Noticed a large bag of meat
   113 | D        | Killed a meat beast
   114 | D        | Killed a meat beast
   114 | D        | Noticed a large bag of meat
   114 | D        | Noticed an accursed
   115 | D        | Killed a large bag of meat
   116 | D        | Killed a dread
   116 | D        | Killed a destroyer
   118 | D        | Noticed a meat beast
   119 | D        | Killed an accursed
   120 | D        | Noticed a destroyer
   121 | D        | Killed a large bag of meat
   121 | D        | Noticed The Captor
   122 | D        | Noticed a meat beast
   123 | D        | Killed a meat beast
   123 | D        | Noticed a fleshlord
   124 | D        | Killed a tyrant
   124 | D        | Noticed a tyrant
   125 | D        | Noticed a fleshlord
   125 | D        | Noticed a destroyer
   126 | D        | Noticed a fleshlord
   126 | D        | Killed a destroyer
   127 | D        | Killed a large bag of meat
   128 | D        | Noticed a fleshlord
   128 | D        | Noticed a fleshlord
   128 | D        | Noticed a fleshlord
   128 | D        | Noticed a fleshlord
   129 | D        | Killed a destroyer
   129 | D        | Killed a fleshlord
   129 | D        | Killed a meat beast
   130 | D        | Killed a fleshlord
   131 | D        | Killed a fleshlord
   132 | D        | Killed an accursed
   132 | D        | Noticed an accursed
   133 | D        | Killed a fleshlord
   134 | D        | Killed a large bag of meat
   134 | D        | Noticed a fleshlord
   134 | D        | Annihilated by a fleshlord

Illustrated notes

Levels and vault maps discovered:
D:        meatsprint

Skill      XL: |  1  2  3  4  5  6  7  8  9 10 11 12 13 14 15 16 17 18 19 20 21 22 23 |
---------------+----------------------------------------------------------------------+-----
Fighting       | 22 25 27 | 27.0
Axes           | 5 7 11 16 19 24 27 | 27.0
Armour         | 11 13 16 19 22 25 27 | 27.0
Dodging        | 3 4 7 9 11 19 27 | 27.0
Unarmed Combat | 22 25 27 | 27.0
Throwing       | 9 16 21 26 27 | 27.0
Stealth        | 11 20 26 27 | 27.0
Spellcasting   | 8 15 20 24 27 | 27.0
Invocations    | 11 19 24 27 | 27.0

Action                   |  1- 3 |  4- 6 |  7- 9 | 10-12 | 13-15 | 16-18 | 19-21 | 22-24 | 25-27 || total
-------------------------+-------+-------+-------+-------+-------+-------+-------+-------+-------++-------
Melee: Executioner's axe |     1 |       |       |       |     2 |     2 |     3 |     4 |    73 ||    85
Armor: Leather armour    |       |       |       |       |       |       |       |       |     7 ||     7
Dodge: Dodged            |       |       |       |       |       |     1 |       |     1 |    23 ||    25

Table legend: (Time is in decaauts)
 A = Elapsed time spent in this place.
 B = Non-inter-level travel time spent in this place.
 C = Inter-level travel time spent in this place.
 D = Time resting spent in this place.
 E = Time spent auto-exploring this place.
 F = Levels seen in this place.
 G = Mean time per level.
                   A        B        C        D        E       F      G
               +--------+--------+--------+--------+--------+-----+--------+
         Total |    120 |    120 |      0 |      0 |      0 |   1 |  120.0 |
       Dungeon |    120 |    120 |      0 |      0 |      0 |   1 |  120.0 |
               +--------+--------+--------+--------+--------+-----+--------+

Top non-repeatable levels by time:
       D: 120 daAuts
